 Dungeon Crawl Stone Soup version 0.31-a0-1405-g2bb1a01664 (webtiles) character file.

Game seed: 11676807087562997331

3588 jjjjhere the Mimic (level 10, -3/62 (65) HPs)
             Began as a Merfolk Shapeshifter on Dec 25, 2023.
             Was a Follower of Makhleb.
             Slain by a killer bee (5 damage)
             ... on level 8 of the Dungeon on Dec 26, 2023.
             The game lasted 00:16:08 (6717 turns).

jjjjhere the Mimic (Merfolk Shapeshifter)           Turns: 6717, Time: 00:16:09

HP:   -3/62 (65)    AC:  5    Str: 20    XL:     10   Next: 10%
MP:   10/10         EV: 20    Int: 10    God:    Makhleb [*.....]
Gold: 320           SH:  0    Dex: 18    Spells: 9/9 levels left

rFire   . . .        j - melded +4 sling "Killer Bee's Peril" {freeze, Fly rCorr}
rCold   . . .        (shield currently unavailable)
rNeg    . . .        i - melded +3 robe of Poor Excuses {Will+}
rPois   .            g - +2 helmet
rElec   .            k - +0 cloak
rCorr   .            (no gloves)
SInv    .            a - +0 pair of boots
Will    +....        v - amulet of regeneration
Stlth   +            p - +6 ring of strength
HPRegen 1.10/turn    (no ring)
MPRegen 0.12/turn

%: no passive effects
@: flux-form, enlightened, flying, glowing, lightly drained
A: glow, contaminating, (nimble swimmer 2), mertail, MP-powered wands
a: Begin Untransformation, Renounce Religion


You were on level 8 of the Dungeon.
You worshipped Makhleb.
Makhleb was aware of your devotion.
You were something dangerously unstable.
You visited 1 branch of the dungeon, and saw 8 of its levels.

You collected 320 gold pieces.

Inventory:

Hand Weapons
 j - the +4 sling "Killer Bee's Peril" (melded) {freeze, Fly rCorr}
   (You found it on level 2 of the Dungeon)

   Fly:       It grants you flight.
   rCorr:     It protects you from acid and corrosion.
Missiles
 r - 17 boomerangs
Armour
 a - a +0 pair of boots (worn)
 g - a +2 helmet (worn)
 i - the +3 robe of Poor Excuses (melded) {Will+}
   (You found it on level 2 of the Dungeon)

   Will+:     It increases your willpower.
 k - a +0 cloak (worn)
 q - a +0 scale mail of fire resistance
Jewellery
 p - a +6 ring of strength (left hand)
 s - a ring of fire
 v - an amulet of regeneration (around neck)
Talismans
 c - a beast talisman
 d - a flux talisman (active)
Wands
 l - a wand of flame (15)
Scrolls
 h - 2 scrolls of noise
 m - a scroll of enchant weapon
 o - a scroll of vulnerability
 u - a scroll of butterflies
Potions
 b - a potion of lignification
 n - a potion of enlightenment
 w - a potion of brilliance
 A - a potion of invisibility
 B - a potion of attraction


   Skills:
 - Level 1.1 Fighting
 + Level 7.4 Dodging
 + Level 10.7 Unarmed Combat
 + Level 11.7 Shapeshifting


You had 9 spell levels left.
You didn't know any spells.
Your spell library contained the following spells:

 Spells                   Type           Power      Damage    Failure   Level
 Stone Arrow              Conj/Erth      0%         3d7       75%         3
 Animate Armour           Summ/Erth      0%         N/A       98%         4
 Lehudib's Crystal Spear  Conj/Erth      0%         10d2      100%        8


Dungeon Overview and Level Annotations

Branches:
Dungeon (8/15)             Temple (0/1) D:6
   Lair: D:8-11

Altars:
Dithmenos
Gozag
Makhleb
Nemelex Xobeh
Trog
Vehumet
Wu Jian

Annotations:
D:8 Jeremiah, Maggie


Innate Abilities, Weirdness & Mutations

You are something dangerously unstable.
You glow with magical radiation, making you easy to see and hit.
Foes you strike become dangerously contaminated with magical radiation.
You are incapable of wielding weapons or throwing items.
((You are very nimble when in or above water. (Stealth+, EV+, Speed+++)))
Your lower body shifts to a powerful aquatic tail in water.
You expend magic power (3 MP) to strengthen your wands.


Message History

Okay, then.
Okay, then.
Okay, then.
As you read the scroll of fog, it dissolves into smoke.
The killer bee closely misses your butterfly.
The killer bee misses your butterfly.
The killer bee closely misses your butterfly.
Jeremiah hits your butterfly with a +3 trident of draining!
Your butterfly dies!
Your butterfly disappears in a burst of colours!
The wyvern bites your butterfly!
Your butterfly dies!
Your butterfly disappears in a burst of colours!
Something completely misses your butterfly.
The killer bee closely misses your butterfly.
Maggie casts a spell at you. The bolt of fire hits your butterfly!!
Your butterfly dies!
Your butterfly disappears in a burst of colours!
The bolt of fire hits your butterfly!!
Your butterfly dies!
Your butterfly disappears in a burst of colours!
The bolt of fire hits you!
* * * LOW HITPOINT WARNING * * *
The bolt of fire hits your butterfly!!
Your butterfly dies!
Your butterfly disappears in a burst of colours!
The killer bee closely misses you.
You cannot move away from something!
You hit the killer bee but do no damage.
The killer bee begins to glow.
You are no longer entranced.
The killer bee barely misses you. The wyvern bites your butterfly!!
Your butterfly dies!
Your butterfly disappears in a burst of colours!
The killer bee stings your butterfly.
Your butterfly dies!
Your butterfly disappears in a burst of colours!
The killer bee stings you.
You die...

#......y................ #
....##.y#.......)..##... .#
.....#..#...........# .. .# ..
#....y.#..y.b.b..>.# .##...#...
###...##.b..@.....b####.##......
##..##...........)........# .
##....b.b##§yb§.....#.#..## .
#..#..b..§yy§bb...<#.#...# .
####.b.b.bypbb.b.....##.###.
##..b.bb§§.b.b....#<.##..
#...b.b§kb.b.b.b..##)..)#
#..b...bb....b......<)#...
#.....b.##...bb......[.....
#.....b..Fb.b.#............
####...###b.###########.... ###.
##.# #.... #....


You could see a wyvern and 4 killer bees.

Vanquished Creatures
  A hornet (D:7)
  Menkaure (D:4)
  4 water moccasins
  2 black bears
  4 ice beasts
  2 ogres
  2 sky beasts
  4 centaurs (D:7)
  A phantom (D:4)
  A bullfrog (D:7)
  A gnoll sergeant (D:7)
  4 scorpions
  8 wights
  3 killer bees
  A howler monkey (D:7)
  2 hounds (D:6)
  3 orc priests
  2 jellies
  A gnoll bouda (D:5)
  3 iguanas
  A sleepcap (D:6)
  An orc wizard (D:7)
  8 gnolls
  6 adders
  2 ufetubi (D:5)
  2 worms
  6 dart slugs
  33 orcs
  7 ball pythons
  7 endoplasms
  4 giant cockroaches
  7 goblins
  10 hobgoblins
  4 jackals (D:1)
  8 kobolds
  4 quokkas
  4 bats
  4 frilled lizards
  3 rats
171 creatures vanquished.

Notes
Turn   | Place    | Note
-------+----------+-------------------------------------------
     0 | D:1      | jjjjhere the Merfolk Shapeshifter began the quest for the
                  | Orb.
     0 | D:1      | Reached XP level 1. HP: 15/15 MP: 1/1
   150 | D:1      | Reached XP level 2. HP: 19/21 MP: 2/2
   556 | D:2      | Reached XP level 3. HP: 26/26 MP: 3/3
   697 | D:2      | Identified the +3 robe of Poor Excuses {Will+}
   861 | D:2      | Identified the +4 sling "Killer Bee's Peril" {freeze, Fly
                  | rCorr}
  1291 | D:3      | Reached skill level 5 in Shapeshifting
  1303 | D:2      | Reached XP level 4. HP: 14/32 MP: 4/4
  1715 | D:3      | Found a faded altar of an unknown god.
  1718 | D:3      | Found an opulent altar of Gozag.
  1816 | D:3      | Found a sparkling altar of Nemelex Xobeh.
  1959 | D:4      | Noticed a phantom
  1967 | D:4      | Killed a phantom
  1968 | D:4      | Reached skill level 5 in Unarmed Combat
  1968 | D:4      | Reached skill level 6 in Shapeshifting
  1968 | D:4      | Reached XP level 5. HP: 32/37 MP: 5/5
  2049 | D:4      | Noticed Menkaure
  2068 | D:4      | HP: 8/37 [??? (6)]
  2406 | D:4      | Reached XP level 6. HP: 27/43 MP: 6/6
  2563 | D:4      | Found a shadowy altar of Dithmenos.
  2592 | D:4      | HP: 14/43 [??? (12)]
  2597 | D:4      | HP: 5/43 [orc/+0 whip (3)]
  2610 | D:4      | HP: 15/64 [Menkaure (12)]
  2612 | D:4      | Killed Menkaure
  2613 | D:4      | Reached skill level 7 in Shapeshifting
  2613 | D:4      | Reached XP level 7. HP: 16/48 MP: 7/7
  2856 | D:5      | Entered Level 5 of the Dungeon
  2911 | D:5      | Found a burning altar of Makhleb.
  3093 | D:5      | Found an ornate altar of the Wu Jian Council.
  3163 | D:5      | Reached skill level 8 in Shapeshifting
  3283 | D:5      | Found a bloodstained altar of Trog.
  3420 | D:5      | HP: 14/48 [poisoned by a scorpion]
  3425 | D:5      | HP: 11/48 [poisoned by a scorpion]
  3611 | D:5      | Reached XP level 8. HP: 54/54 MP: 8/8
  3966 | D:5      | Became a worshipper of Makhleb the Destroyer
  4041 | D:5      | HP: 15/54 [gnoll bouda/+0 club (7)]
  4047 | D:5      | HP: 11/54 [gnoll/+0 flail[a gnoll bouda] (2)]
  4049 | D:5      | Reached skill level 9 in Shapeshifting
  4467 | D:6      | Found a staircase to the Ecumenical Temple.
  4535 | D:6      | Reached skill level 10 in Shapeshifting
  4589 | D:6      | Reached XP level 9. HP: 46/59 MP: 9/9
  4881 | D:7      | Reached * piety under Makhleb
  5088 | D:7      | HP: 19/59 [centaur/arrow (10)]
  5093 | D:7      | HP: 15/59 [centaur (1)]
  5098 | D:7      | HP: 12/59 [howler monkey (8)]
  5103 | D:7      | HP: 8/59 [killer bee (7)]
  5108 | D:7      | HP: 15/59 [poisoned by a killer bee]
  5113 | D:7      | HP: 9/59 [centaur (4)]
  5118 | D:7      | Reached skill level 5 in Dodging
  5434 | D:7      | Reached skill level 10 in Unarmed Combat
  5434 | D:7      | Reached skill level 11 in Shapeshifting
  6007 | D:7      | Noticed a hornet
  6015 | D:7      | Killed a hornet
  6322 | D:7      | Reached XP level 10. HP: 42/65 MP: 10/10
  6357 | D:7      | Found a radiant altar of Vehumet.
  6686 | D:8      | Noticed Maggie
  6702 | D:8      | Gained mutation: You expend magic power (3 MP) to
                  | strengthen your wands. [potion of mutation]
  6712 | D:8      | Noticed Jeremiah
  6713 | D:8      | HP: 15/62 [Jeremiah/divine providence (8)]
  6716 | D:8      | HP: 1/62 [Maggie/bolt of fire (17)]
  6717 | D:8      | Slain by a killer bee

Illustrated notes

Levels and vault maps discovered:
D:1:      tarquinn_simple_flora_water_a, layout_basic, minmay_misc_feat_cross,
          minmay_domino_2
D:2:      layout_loops_ring
D:3:      layout_rooms, nicolae_overflow_ecumenical_swirl,
          nemelex_xobeh_ov_fountains_minmay
D:4:      minmay_diamond_boxcup, layout_cave_pools,
          mainiacjoe_overflow_surrounded_room, uniq_menkaure
D:5:      layout_loops_ring, nicolae_wu_jian_wuxing_cycle,
          mainiacjoe_overflow_concentric_impassable,
          nicolae_overflow_hidden_temple
D:6:      layout_basic, minmay_temple_entry_mist
D:7:      minmay_octagon_keep, layout_loops_ring, lemuel_coloured_pillars_altar,
          patterned_corridor
D:8:      layout_cave_pools, gammafunk_ghost_necromancy, uniq_maggie,
          uniq_jeremiah

Skill      XL: |  1  2  3  4  5  6  7  8  9 10 |
---------------+-------------------------------+-----
Unarmed Combat | 4 5 6 7 9 10 | 10.7
Shapeshifting  | 5 6 7 8 10 11 | 11.7
Dodging        | 3 6 7 |  7.4
Fighting       | |  1.1

Action                     |  1- 3 |  4- 6 |  7- 9 | 10-12 || total
---------------------------+-------+-------+-------+-------++-------
  Melee: Unarmed           |    82 |     8 |   300 |    29 ||   419
         Punch             |     1 |     1 |       |       ||     2
   Fire: Sling             |    16 |   105 |       |       ||   121
Ability: Begin Untransform |       |       |     1 |       ||     1
  Evoke: Wand              |       |     7 |     2 |     2 ||    11
    Use: Potion            |       |     5 |     2 |     2 ||     9
         Scroll            |       |       |    13 |     4 ||    17
 Armour: Animal skin       |    28 |       |       |       ||    28
         Robe              |    12 |    31 |       |       ||    43
         Skin              |       |     8 |   143 |    16 ||   167
  Dodge: Dodged            |    44 |    22 |   294 |    39 ||   399
   Form: Flux              |       |       |     1 |       ||     1

Table legend: (Time is in decaauts)
 A = Elapsed time spent in this place.
 B = Non-inter-level travel time spent in this place.
 C = Inter-level travel time spent in this place.
 D = Time resting spent in this place.
 E = Time spent auto-exploring this place.
 F = Levels seen in this place.
 G = Mean time per level.
                   A        B        C        D        E       F      G
               +--------+--------+--------+--------+--------+-----+--------+
         Total |   6709 |   5927 |    782 |   1149 |   3471 |   8 |  838.6 |
       Dungeon |   6709 |   5927 |    782 |   1149 |   3471 |   8 |  838.6 |
               +--------+--------+--------+--------+--------+-----+--------+

Top non-repeatable levels by time:
     D:7: 1466 daAuts
     D:5: 1387 daAuts
     D:2: 1046 daAuts
     D:4: 937 daAuts
     D:6: 682 daAuts
     D:3: 596 daAuts
     D:1: 502 daAuts
     D:8: 89 daAuts
